 Dungeon Sprint DCSS version bcrawl-1.27.1d (webtiles) character file.

Game seed: 11076704801576856786

2900000 Freyura the Conqueror (level 18, -1/182 HPs)
             Began as a Demonspawn Abyssal Knight on July 26, 2020.
             Was a High Priest of Lugonu.
             Engulfed by a cloud of flame (3 damage)
             ... in the Dungeon (Sprint VIII: "Arena of Blood").
             The game lasted 00:02:23 (29 turns).

Freyura the Conqueror (Demonspawn Abyssal Knight)     Turns: 29, Time: 00:02:24

Health: -1/182     AC:  9    Str: 13    XL:     18   Next: 13%
Magic:  0/35       EV: 22    Int: 15    God:    Lugonu [*****.]
Gold:   0          SH:  0    Dex: 19    Spells: 17/17 levels left

rFire    . . .     SeeInvis .   l - +∞ Axe of Woe
rCold    + . .     Gourm    .   (shield currently unavailable)
rNeg     . . .     Faith    .   b - +0 leather armour
rPois    .         Spirit   +   (helmet restricted)
rElec    .         Reflect  .   (no cloak)
rCorr    .         Harm     .   (no gloves)
MR       +....     NoTele   +   (no boots)
Stlth    ++++++....             (no amulet)
HPRegen  0.40/turn              m - +30 ring of slaying
MPRegen  0.48/turn              n - +30 ring of slaying

@: no status effects
A: horns 2, molten scales 2, cold resistance 1, nightstalker 2, magic shield,
magic regeneration
a: Bend Space, Banish, Corrupt, Renounce Religion


You were in the Dungeon.
You worshipped Lugonu.
Lugonu was extremely pleased with you.
You were not hungry.

You visited 1 branch

Inventory:

Hand Weapons
 a - a +1 hand axe
 l - the +∞ Axe of Woe (weapon)
   (You found it in the Dungeon)
Missiles
 c - 10 tomahawks of dispersal {=f}
 d - 40 stones (quivered)
Armour
 b - a +0 leather armour (worn)
Jewellery
 m - a +30 ring of slaying (left hand)
 n - a +30 ring of slaying (right hand)
Scrolls
 k - a scroll of blinking
Potions
 f - a potion of curing
 h - a potion of haste
 i - 2 potions of magic
 j - a potion of berserk rage
Comestibles
 e - a ration {!d}


   Skills:
 O Level 27 Fighting
 O Level 27 Axes
 + Level 9.3 Throwing
 O Level 27 Armour
 + Level 12.3 Dodging
 + Level 9.1 Stealth
 O Level 27 Invocations


You had 17 spell levels left.
You didn't know any spells.
Your spell library was empty.

Dungeon Overview and Level Annotations

Branches:
Dungeon (1/1)

Altars:
Makhleb


Innate Abilities, Weirdness & Mutations

You have a pair of horns on your head.
You are mostly covered in molten scales. (AC +3)
Your flesh is cold resistant. (rC+)
You are significantly more attuned to the shadows.
When hurt, damage is shared between your health and your magic reserves.
You regenerate magic rapidly.


Message History

Your Stealth skill gained 9 levels and is now at level 9!
You have reached level 18!
Your experience leads to an increase in your attributes!
Increase (S)trength, (I)ntelligence, or (D)exterity?
You feel stronger.
You are engulfed in blazing flames.
* * * LOW HITPOINT WARNING * * *
You hear two shouts!
You hear a shout! x4; You hear two shouts!
You hear a shout! x3
A meat berserker comes into view. It is wielding a +9 battleaxe.
You hear a shout! x10
You are engulfed in blazing flames.
* * * LOW HITPOINT WARNING * * *
You hear a shout! x5
The destroyer blinks!
You hear a shout! x2
A meat berserker comes into view. It is wielding a +9 battleaxe.
You hear a shout! x3
You are engulfed in blazing flames.
You die...

.. .. #. .# #..
..# .###..
%.###.
....%.###......
....V§§§..O
#..§§§# #_)@§_#
#§.))%#
....%_..O..
......###......
.###.. %.###.
#.. ..# #. .#
.. ..


You could see a destroyer and 2 meat berserkers.

Vanquished Creatures
  2 ogres (D)
  A two-headed ogre (D)
  10 orcs (D)
13 creatures vanquished.

Notes
Turn   | Place    | Note
-------+----------+-------------------------------------------
     0 | D        | Found the +∞ Axe of Woe
     0 | D        | Freyura the Demonspawn Abyssal Knight began the quest for
                  | the Orb.
     0 | D        | Reached XP level 1. HP: 18/18 MP: 2/2
     1 | D        | Noticed a bag of meat
     2 | D        | Noticed a bag of meat
     2 | D        | Noticed a bag of meat
     3 | D        | Noticed a bag of meat
     3 | D        | Noticed a bag of meat
     3 | D        | Noticed a bag of meat
     3 | D        | Noticed a bag of meat
     4 | D        | Noticed a meat berserker
     5 | D        | Noticed a bag of meat
     6 | D        | Noticed a meat berserker
     8 | D        | Killed a bag of meat
     8 | D        | Gained mutation: You have a pair of small horns on your
                  | head. [demonic ancestry]
     8 | D        | Reached XP level 2. HP: 52/52 MP: 2/9
     8 | D        | Gained mutation: You are slightly more attuned to the
                  | shadows. [demonic ancestry]
     8 | D        | Reached XP level 3. HP: 59/59 MP: 2/11
     8 | D        | Reached XP level 4. HP: 66/66 MP: 2/12
     8 | D        | Gained mutation: When hurt, damage is shared between your
                  | health and your magic reserves. [demonic ancestry]
     8 | D        | Reached XP level 5. HP: 73/73 MP: 2/14
     8 | D        | Gained mutation: You are partially covered in molten
                  | scales. (AC +2) [demonic ancestry]
     8 | D        | Reached XP level 6. HP: 80/80 MP: 2/15
     8 | D        | Reached XP level 7. HP: 87/87 MP: 2/17
     8 | D        | Gained mutation: You are significantly more attuned to the
                  | shadows. [demonic ancestry]
     8 | D        | Reached XP level 8. HP: 94/94 MP: 2/18
     8 | D        | Reached XP level 9. HP: 101/101 MP: 2/19
     8 | D        | Gained mutation: Your flesh is cold resistant. (rC+)
                  | [demonic ancestry]
     8 | D        | Reached XP level 10. HP: 108/108 MP: 2/20
     8 | D        | Reached XP level 11. HP: 115/115 MP: 2/21
     9 | D        | Killed a bag of meat
     9 | D        | Reached ** piety under Lugonu
     9 | D        | Reached skill level 15 in Invocations
     9 | D        | Reached XP level 12. HP: 24/128 MP: 1/23
     9 | D        | Killed a bag of meat
     9 | D        | Gained mutation: You are mostly covered in molten scales.
                  | (AC +3) [demonic ancestry]
     9 | D        | Reached XP level 13. HP: 26/139 MP: 1/25
     9 | D        | Killed a meat berserker
     9 | D        | Reached skill level 27 in Fighting
     9 | D        | Reached skill level 5 in Dodging
     9 | D        | Reached XP level 14. HP: 28/153 MP: 1/27
     9 | D        | Killed a bag of meat
     9 | D        | Reached *** piety under Lugonu
     9 | D        | Reached skill level 5 in Throwing
     9 | D        | Reached skill level 15 in Armour
     9 | D        | Reached XP level 15. HP: 29/159 MP: 1/29
    10 | D        | Killed a meat berserker
    10 | D        | Reached **** piety under Lugonu
    10 | D        | Gained mutation: You regenerate magic rapidly. [demonic
                  | ancestry]
    10 | D        | Reached XP level 16. HP: 31/167 MP: 1/32
    12 | D        | Gained mutation: You have a pair of horns on your head.
                  | [demonic ancestry]
    12 | D        | Reached XP level 17. HP: 16/174 MP: 1/34
    16 | D        | Received a gift from Lugonu
    16 | D        | Reached skill level 27 in Axes
    16 | D        | Reached skill level 27 in Invocations
    17 | D        | Reached skill level 10 in Dodging
    26 | D        | Noticed a destroyer
    27 | D        | Noticed a large bag of meat
    27 | D        | Killed a large bag of meat
    27 | D        | Received a gift from Lugonu
    27 | D        | Reached ***** piety under Lugonu
    27 | D        | Reached skill level 27 in Armour
    27 | D        | Reached XP level 18. HP: 27/182 MP: 6/35
    27 | D        | Noticed a meat berserker
    28 | D        | HP: 1/182 [something (19)]
    28 | D        | Noticed a meat berserker
    29 | D        | Engulfed by a cloud of flame

Skill      XL: |  1  2  3  4  5  6  7  8  9 10 11 12 13 14 15 16 17 |
---------------+----------------------------------------------------+-----
Fighting       | 20 23 24 27 | 27.0
Axes           | 11 13 14 17 19 24 26 27 | 27.0
Throwing       | 3 4 5 6 9 |  9.3
Armour         | 9 11 12 14 15 19 21 27 | 27.0
Dodging        | 2 3 5 6 7 8 12 | 12.3
Invocations    | 13 15 16 19 20 24 26 27 | 27.0
Stealth        | 9 |  9.1

Action                   |  1- 3 |  4- 6 |  7- 9 | 10-12 | 13-15 | 16-18 || total
-------------------------+-------+-------+-------+-------+-------+-------++-------
Melee: Executioner's axe |     1 |       |       |     1 |     1 |     4 ||     7
  Use: Potion            |       |       |       |       |       |     1 ||     1
 Stab: Distracted        |       |       |       |       |       |     1 ||     1
